 Dungeon Crawl Stone Soup version 0.29-a0-219-g0a02b1cf4f (webtiles) character file.

Game seed: 5823761765111142547

10336 Inarius the Cleaver (level 11, -3/81 HPs)
             Began as a Demonspawn Fighter on Feb 25, 2022.
             Was an Initiate of Nemelex Xobeh.
             Killed from afar by Erolcha (7 damage)
             ... with a fireball
             ... on level 10 of the Dungeon.
             The game lasted 00:19:23 (11143 turns).

Inarius the Cleaver (Demonspawn Fighter)           Turns: 11143, Time: 00:19:23

Health: -3/81      AC: 19    Str: 20    XL:     11   Next: 34%
Magic:  12/12      EV:  5    Int:  9    God:    Nemelex Xobeh [......]
Gold:   620        SH: 15    Dex: 14    Spells: 10/10 levels left

rFire   . . .      SeeInvis .   a - +0 war axe (freeze)
rCold   . . .      Faith    .   d - +0 kite shield
rNeg    . . .      Spirit   .   A - +0 plate armour
rPois   .          Reflect  +   t - +0 helmet
rElec   .          Harm     .   (no cloak)
rCorr   .          Rampage  .   f - +1 pair of gloves
Will    ++...                   (no boots)
Stlth   ..........              m - amulet of reflection
HPRegen 0.23/turn               o - ring of willpower
MPRegen 0.13/turn               k - ring of willpower

@: slowed, studying Axes, very slow
A: hooves 1, thin metallic scales 2, icemail 1, powered by death 2, condensation
shield
a: Renounce Religion, Draw Escape, Draw Destruction, Draw Summoning


You were on level 10 of the Dungeon.
You worshipped Nemelex Xobeh.
Nemelex Xobeh was noncommittal.
You visited 2 branches of the dungeon, and saw 11 of its levels.

You collected 680 gold pieces.
You spent 60 gold pieces at shops.

Inventory:

Hand Weapons
 a - a +0 war axe of freezing (weapon)
 j - a +0 vampiric hand axe
 y - a +2 whip of freezing
Armour
 c - a +3 chain mail of cold resistance
 d - a +0 kite shield (worn)
 f - a +1 pair of gloves (worn)
 t - a +0 helmet (worn)
 A - a +0 plate armour (worn)
 K - a +2 crystal plate armour
Jewellery
 k - a ring of willpower (right hand)
 m - an amulet of reflection (around neck)
 o - a ring of willpower (left hand)
 v - a +6 ring of dexterity
Wands
 z - a wand of digging (5)
Scrolls
 b - 2 scrolls of enchant weapon
 h - a scroll of enchant armour {unknown}
 l - 4 scrolls of vulnerability
 p - a scroll of silence
 q - a scroll of blinking
 u - 2 scrolls of teleportation
 x - a scroll of immolation
 C - a scroll of identify
 D - a scroll of torment {unknown}
 F - a scroll of fog {unknown}
 G - a scroll of summoning {unknown}
Potions
 e - a potion of degeneration {unknown}
 g - 2 potions of attraction {unknown}
 i - a potion of invisibility
 n - a potion of haste {unknown}
 r - 2 potions of brilliance
 s - a potion of magic
 w - 2 potions of mutation {unknown}
 B - a potion of resistance
 E - a potion of curing {unknown}
 I - a potion of flight {unknown}
Miscellaneous
 J - a phial of floods (inert)
 L - a tin of tremorstones (1/2)


   Skills:
 + Level 6.2 Fighting
 * Level 12.5 Axes
 + Level 6.3 Armour
 + Level 8.1 Shields
 * Level 2.3 Invocations
 * Level 1.9 Evocations


You had 10 spell levels left.
You didn't know any spells.
Your spell library contained the following spells:

 Spells                   Type           Power      Damage    Failure   Level
 Sting                    Tmut/Pois      0%         1d3       100%        1
 Poisonous Vapours        Pois/Air       0%         N/A       100%        2
 Call Canine Familiar     Summ           0%         N/A       100%        3
 Conjure Flame            Conj/Fire      0%         6-21      100%        3
 Ignite Poison            Fire/Tmut/Pois 0%         N/A       100%        3
 Portal Projectile        Hex/Tloc       0%         N/A       100%        3
 Leda's Liquefaction      Hex/Erth       0%         N/A       100%        4
 Olgreb's Toxic Radiance  Pois           0%         N/A       100%        4
 Sticky Flame             Conj/Fire      0%         2d3       100%        4
 Alistair's Intoxication  Tmut/Pois      0%         N/A       100%        5
 Borgnjor's Vile Clutch   Necr/Erth      0%         N/A       100%        5
 Iskenderun's Battlesphe  Conj           0%         2d6       100%        5
 Eringya's Noxious Bog    Tmut/Pois      0%         N/A       100%        6
 Iron Shot                Conj/Erth      0%         9d1       100%        6
 Spellforged Servitor     Conj/Summ      0%         N/A       100%        7


Dungeon Overview and Level Annotations

Branches:
Dungeon (10/15)            Temple (1/1) D:7
   Lair: D:8-11         Orc: D:9-12

Altars:
Ashenzari
Dithmenos
Elyvilon
Fedhas
Gozag
Hepliaklqana
Kikubaaqudgha
Nemelex Xobeh
Okawaru
Qazlal
Sif Muna
Trog
Uskayaw
Wu Jian
Xom
Yredelemnul
Zin
The Shining One

Shops:
D:8 *

Annotations:
D:10 Erolcha


Innate Abilities, Weirdness & Mutations

You have large cloven feet.
You are mostly covered in thin metallic scales. (AC +3)
A meltable icy envelope protects you from harm. (AC +0)
You regenerate health from kills.
A meltable shield of frost defends you. (SH +0)


Message History

Erolcha screams, "DIE!"
Erolcha zaps a wand.
You resist with almost no effort.
The now-empty wand crumbles to dust.
You block Erolcha's attack.
Unknown command.
You slash Erolcha! You freeze Erolcha. You kick Erolcha.
Erolcha is moderately wounded.
Erolcha casts a spell.
Erolcha flickers and vanishes!
Deactivating autopickup; reactivate with Ctrl-A.
Unknown command.
No target in view!
Unknown command.
No target in view!
Unknown command.
No target in view!
You barely miss something. Your kick misses something. Something hits you!
You can't see anything, release a tremorstone anyway?
The tremorstone explodes into fragments!
The burst of rock shards engulfs something!
Something hits you. Something hits you!
Unknown command.
Unknown command.
You hit something. You freeze something. You kick something.
Something hits you but does no damage. x2
You slash something! You freeze something. Something hits you!
You hit something. You freeze something. Something hits you!!
* * * LOW HITPOINT WARNING * * *
Something hits you!
* * * LOW HITPOINT WARNING * * *
Unknown command.
You can't see any enemies this would affect, really read the scroll of fear?
As you read the scroll of fear, it crumbles to dust.
You assume a fearsome visage.
You hear some strange, mumbled words.
You hear some strange, mumbled words.
A fireball appears from out of thin air!
The fireball explodes!
The fireball engulfs you!
Your icy defenses dissipate!
You die...
Your body disappears without a glow.

##################
..........))......
.......##......)......
........##...)@).......
.........##....#...{....
#.........##....#.)....#.
#.........##....#........
#.........##....#........
#...............#.....###
#.......>....^..#.....#
#......................
#.......................


There were no monsters in sight!

Vanquished Creatures
  2 two-headed ogres
  Pikel (D:5)
  A wolf spider (D:9)
  A gargoyle (D:9)
  Psyche (D:8)
  2 trolls
  Grinder (D:4)
  3 wraiths (D:10)
  3 wyverns
  7 yaks (D:10)
  3 steam dragons
  Menkaure (D:7)
  3 water moccasins
  3 acid dragons (D:9)
  Duvessa (D:6)
  4 orc warriors
  An ice beast (D:6)
  2 black bears
  4 ogres
  5 centaurs
  2 phantoms
  A lemure (D:6)
  5 kobold brigands
  3 gnoll sergeants
  A bullfrog (D:7)
  4 scorpions
  Dowan (D:6)
  14 killer bees
  3 howler monkeys
  3 crimson imps
  A jelly (D:5)
  4 orc priests
  3 hounds
  2 iguanas
  7 orc wizards
  5 adders
  14 gnolls
  3 shadow imps
  A white imp (D:7)
  A worm (D:2)
  5 dart slugs
  30 orcs
  4 endoplasms (D:2)
  8 giant cockroaches
  8 goblins
  8 hobgoblins
  8 quokkas
  5 ball pythons
  5 bats
  2 frilled lizards
  27 kobolds
  3 rats
  A spectral goblin (D:1)
241 creatures vanquished.

Vanquished Creatures (others)
  A kobold (D:8)
  2 fungi (D:6)
3 creatures vanquished.

Grand Total: 244 creatures vanquished

Notes
Turn   | Place    | Note
-------+----------+-------------------------------------------
     0 | D:1      | Inarius the Demonspawn Fighter began the quest for the Orb.
     0 | D:1      | Reached XP level 1. HP: 18/18 MP: 1/1
   126 | D:1      | Reached skill level 2 in Axes
   126 | D:1      | Gained mutation: You regenerate a little health from kills.
                  | [demonic ancestry]
   126 | D:1      | Reached XP level 2. HP: 17/24 MP: 2/2
   375 | D:1      | Gained mutation: A meltable shield of frost defends you.
                  | (SH +0) [demonic ancestry]
   375 | D:1      | Reached XP level 3. HP: 23/29 MP: 3/3
   539 | D:1      | Found a faded altar of an unknown god.
   783 | D:2      | Found a broken altar of Ashenzari.
   860 | D:2      | Reached skill level 3 in Axes
  1075 | D:2      | Reached XP level 4. HP: 35/35 MP: 4/4
  2399 | D:4      | Noticed a scorpion
  2405 | D:4      | Killed a scorpion
  2406 | D:4      | Reached skill level 4 in Axes
  2406 | D:4      | Reached XP level 5. HP: 20/41 MP: 5/5
  2808 | D:4      | Noticed Grinder
  2824 | D:4      | Killed Grinder
  2825 | D:4      | Reached skill level 5 in Axes
  2825 | D:4      | Gained mutation: You are partially covered in thin metallic
                  | scales. (AC +2) [demonic ancestry]
  2825 | D:4      | Reached XP level 6. HP: 11/47 MP: 6/6
  3323 | D:4      | Reached XP level 7. HP: 40/53 MP: 7/7
  3326 | D:4      | Found a shimmering altar of Xom.
  3606 | D:3      | Reached skill level 6 in Axes
  3976 | D:5      | Entered Level 5 of the Dungeon
  4121 | D:5      | Identified the +5 quarterstaff of Dismemberment {freeze,
                  | rElec Will- Dex+4}
  4437 | D:5      | Gained mutation: You regenerate health from kills. [demonic
                  | ancestry]
  4437 | D:5      | Reached XP level 8. HP: 60/60 MP: 8/8
  4669 | D:5      | Reached skill level 7 in Axes
  5075 | D:5      | Reached skill level 5 in Shields
  5251 | D:6      | Noticed Pikel
  5271 | D:5      | Killed Pikel
  5272 | D:5      | Reached skill level 8 in Axes
  5272 | D:5      | Gained mutation: You have large cloven feet. [demonic
                  | ancestry]
  5272 | D:5      | Reached XP level 9. HP: 66/66 MP: 9/9
  5410 | D:6      | Found a bloodstained altar of Trog.
  5547 | D:6      | Reached skill level 9 in Axes
  5975 | D:6      | Reached skill level 5 in Armour
  6349 | D:6      | You fall into a shaft and drop 3 floors!
  6616 | D:9      | Noticed a two-headed ogre
  6652 | D:9      | Killed a two-headed ogre
  6653 | D:9      | Reached skill level 5 in Fighting
  6653 | D:9      | Reached skill level 10 in Axes
  6888 | D:9      | Noticed a gargoyle
  6912 | D:10     | Entered Level 10 of the Dungeon
  7103 | D:10     | Gained mutation: A meltable icy envelope protects you from
                  | harm. (AC +0) [demonic ancestry]
  7103 | D:10     | Reached XP level 10. HP: 70/74 MP: 10/10
  7127 | D:10     | HP: 1/74 [yak (9)]
  7432 | D:10     | Noticed a two-headed ogre
  7452 | D:10     | Killed a two-headed ogre
  7607 | D:10     | Reached skill level 11 in Axes
  8424 | D:6      | Noticed Duvessa
  8435 | D:6      | Noticed Dowan
  8438 | D:6      | Killed Duvessa
  8449 | D:6      | Killed Dowan
  8835 | D:7      | Noticed Menkaure
  8840 | D:7      | Killed Menkaure
  8917 | D:7      | Gained mutation: You are mostly covered in thin metallic
                  | scales. (AC +3) [demonic ancestry]
  8917 | D:7      | Reached XP level 11. HP: 81/81 MP: 11/11
  8942 | D:7      | Reached skill level 12 in Axes
  8955 | D:7      | Found a stormy altar of Qazlal.
  8955 | D:7      | Found an iron altar of Okawaru.
  8957 | D:7      | Found a hide-covered altar of Uskayaw.
  8957 | D:7      | Found an opulent altar of Gozag.
  9149 | D:7      | Found a staircase to the Ecumenical Temple.
  9158 | Temple   | Entered the Ecumenical Temple
  9228 | Temple   | Became a worshipper of Nemelex Xobeh the Trickster
  9312 | D:8      | Noticed Psyche
  9321 | D:8      | Killed Psyche
  9556 | D:8      | Found Zoaroema's General Store.
  9559 | D:8      | Bought a scroll of fear for 38 gold pieces
  9559 | D:8      | Bought a scroll of identify for 22 gold pieces
  9717 | D:9      | Noticed a fire dragon
  9717 | D:9      | Noticed a wolf spider
  9721 | D:9      | Reached skill level 1 in Invocations
  9926 | D:9      | Killed a wolf spider
  9927 | D:9      | Reached skill level 1 in Evocations
 10853 | D:9      | Found the +10 dark maul {vorpal}
 11119 | D:10     | Noticed Erolcha
 11141 | D:10     | HP: 3/81 [something (11)]
 11143 | D:10     | Killed from afar by Erolcha

Illustrated notes

Levels and vault maps discovered:
D:1:      lemuel_arrival_room, layout_rooms,
          dreamdust_ecumenical_altar_drowned_temple, kennysheep_boxes
D:2:      layout_loops_ring, basic_altar
D:3:      layout_basic
D:4:      layout_basic, led_xom_imps, grunt_ministairs_1, lightli_minifort,
          uniq_grinder
D:5:      layout_cave_pools
D:6:      kennysheep_steamy, layout_cave_pods,
          mainiacjoe_overflow_surrounded_room, uniq_duvessa, uniq_pikel
D:7:      layout_basic, mainiacjoe_overflow_alcove_3,
          minmay_temple_entry_statues_fountains, grunt_ministairs_3,
          nrook_mini_backslash, uniq_menkaure
D:8:      layout_cave_pools, serial_shops, nicolae_shop_behind_doors,
          chequers_hall_statues_wall_a, kennysheep_small_spiral,
          hangedman_abyss_or_decor_clamps, uniq_psyche
D:9:      minmay_the_grid_3x2 [minmay_the_grid_paths,
          minmay_the_grid_small_cups, minmay_the_grid_odd_star,
          minmay_the_grid_slots, minmay_the_grid_embedded,
          minmay_the_grid_prize_diamond_cup], layout_small_grid, uniq_grum
D:10:     layout_stronghold, lair_entry_dummy, uniq_josephine, uniq_erolcha
Temple:   eino_temple_scatter_basement

Skill      XL: |  1  2  3  4  5  6  7  8  9 10 11 |
---------------+----------------------------------+-----
Axes           | 2 3 4 5 6 8 10 11 12 | 12.5
Shields        | 3 4 5 6 7 8 |  8.1
Armour         | 3 4 5 6 |  6.3
Fighting       | 4 5 6 |  6.2
Invocations    | 2 |  2.3
Evocations     | 1 |  1.9

Action                   |  1- 3 |  4- 6 |  7- 9 | 10-12 || total
-------------------------+-------+-------+-------+-------++-------
Melee: War axe           |   124 |   112 |   301 |   327 ||   864
       Kick              |       |       |    43 |   120 ||   163
Throw: Throwing net      |       |       |     1 |       ||     1
Evoke: Wand              |       |       |       |     7 ||     7
       Phial of floods   |       |       |       |     1 ||     1
       Tin of tremorston |       |       |       |     1 ||     1
  Use: Potion            |       |     1 |     5 |     3 ||     9
       Scroll            |       |       |     7 |     6 ||    13
 Stab: Invisible         |       |       |       |     3 ||     3
Armor: Scale mail        |    55 |    37 |    46 |       ||   138
       Plate armour      |       |       |    59 |   144 ||   203
       Skin              |       |       |       |    17 ||    17
Dodge: Dodged            |    45 |    25 |    64 |    33 ||   167
Block: Buckler           |    61 |    67 |    38 |       ||   166
       Reflection        |       |     2 |     3 |    26 ||    31
       Kite shield       |       |       |   272 |   343 ||   615

Table legend: (Time is in decaauts)
 A = Elapsed time spent in this place.
 B = Non-inter-level travel time spent in this place.
 C = Inter-level travel time spent in this place.
 D = Time resting spent in this place.
 E = Time spent auto-exploring this place.
 F = Levels seen in this place.
 G = Mean time per level.
                   A        B        C        D        E       F      G
               +--------+--------+--------+--------+--------+-----+--------+
         Total |  11377 |  11149 |    228 |   3370 |   4835 |  11 | 1034.3 |
       Dungeon |  11272 |  11055 |    217 |   3370 |   4758 |  10 | 1127.2 |
        Temple |    105 |     94 |     11 |      0 |     77 |   1 |  105.0 |
               +--------+--------+--------+--------+--------+-----+--------+

Top non-repeatable levels by time:
     D:9: 1788 daAuts
     D:4: 1348 daAuts
     D:6: 1325 daAuts
     D:5: 1291 daAuts
     D:3: 1171 daAuts
    D:10: 1073 daAuts
     D:8: 1061 daAuts
     D:2: 802 daAuts
     D:1: 761 daAuts
     D:7: 647 daAuts
  Temple: 105 daAuts
